 Dungeon Crawl Stone Soup version 0.21-a0-525-ga34b322 (webtiles) character file.

10933 dvd the Slinger (level 11, -2/69 HPs)
             Began as an Octopode Hunter on Dec 7, 2017.
             Was an Elder of Qazlal.
             Slain by a hippogriff (10 damage)
             ... on level 10 of the Dungeon.
             The game lasted 00:41:22 (14034 turns).

dvd the Slinger (Octopode Hunter)                  Turns: 14034, Time: 00:41:23

Health: -2/69      AC:  1    Str: 13    XL:     11   Next: 69%
Magic:  14/14      EV: 18    Int: 14    God:    Qazlal [****..]
Gold:   724        SH: 10    Dex: 14    Spells: 12/14 levels left

rFire    . . .     SeeInvis +   b - +2 scythe (venom)
rCold    + . .     Gourm    .   (shield currently unavailable)
rNeg     . . .     Faith    .   (helmet restricted)
rPois    +         Spirit   .   G - +5 amulet of reflection
rElec    .         Reflect  +   k - ring of protection from cold
rCorr    .         Harm     .   l - ring of protection from magic
MR       +....     Clarity  +   H - ring of flight
Stlth    ++........             M - ring of poison resistance
HPRegen  0.21/turn              L - +1 ring of evasion
MPRegen  0.14/turn              p - ring of wizardry
                                B - ring of see invisible
                                (no ring)

@: drained, repel missiles
A: almost no armour, stealthy swim, amphibious, 8 rings, constrict 8, repulsion
field 1, camouflage 1, blink, clarity, frail 1, sense surroundings 1, gelatinous
body 1
a: Blink, Upheaval, Elemental Force, Renounce Religion, Evoke Flight


You were on level 10 of the Dungeon.
You worshipped Qazlal.
Qazlal was greatly pleased with you.
You were very hungry.

You visited 2 branches of the dungeon, and saw 11 of its levels.

You collected 724 gold pieces.

Inventory:

Hand Weapons
 a - a +2 hunting sling
 b - a +2 scythe of venom (weapon)
 j - a +2 spear of piercing
 t - a +2 shortbow of flaming
 A - the +8 dagger "Seas" {vamp, rPois MR- Str+2}
   (You found it on level 6 of the Dungeon)

   It inflicts no extra harm, but heals its wielder when it wounds a living foe.
   It affects your strength (+2).
   It protects you from poison.
   It affects your resistance to hostile enchantments.
 F - a +1 dagger of draining
 K - a +3 spear
 P - a +0 falchion of holy wrath
Missiles
 c - 21 sling bullets
 g - 209 stones
 J - 7 tomahawks (quivered)
 R - 132 arrows
Magical Staves
 y - an uncursed staff of air
Jewellery
 e - an uncursed amulet of the gourmand
 k - a ring of protection from cold (left tentacle)
 l - a ring of protection from magic (right tentacle)
 p - a ring of wizardry (on tentacle)
 B - a ring of see invisible (on tentacle)
 G - a +5 amulet of reflection (around mantle)
 H - a ring of flight (on tentacle)
 L - a +1 ring of evasion (on tentacle)
 M - a ring of poison resistance (on tentacle)
Wands
 m - a wand of iceblast (7)
 o - a wand of polymorph (1)
 w - a wand of flame (17)
 O - a wand of clouds (10)
 S - a wand of acid (2)
Scrolls
 i - 11 scrolls of identify
 r - a scroll of blinking
 s - 2 scrolls of enchant weapon
 u - 3 scrolls of remove curse
 v - a scroll of enchant armour
 z - a scroll of magic mapping
 D - 3 scrolls of fear
 N - a scroll of amnesia
Potions
 f - 2 potions of curing
 C - 2 potions of invisibility
 Q - a potion of magic
Books
 n - a book of Changes

   Spells                             Type                      Level
   a - Beastly Appendage              Transmutation                1
   b - Sticks to Snakes               Transmutation                2
   c - Spider Form                    Transmutation/Poison         3
   d - Ice Form                       Ice/Transmutation            4
   e - Blade Hands                    Transmutation                5
Comestibles
 d - 5 bread rations
 q - 9 fruits
 x - 3 meat rations


   Skills:
 + Level 8.2(7.1) Fighting
 + Level 9.9(8.8) Polearms
 + Level 11.0(9.9) Slings
 + Level 0.9(6.1) Throwing
 + Level 5.6(4.6) Dodging
 + Level 6.0(5.0) Stealth
 + Level 2.0(1.1) Spellcasting
 + Level 2.4(1.5) Transmutations
 + Level 1.6(0.8) Evocations


You had 12 spell levels left.
You knew the following spells:

 Your Spells              Type           Power        Failure   Level  Hunger
b - Sticks to Snakes      Tmut           #.......     9%          2    ###....


Dungeon Overview and Level Annotations

Branches:
Dungeon (10/15)            Temple (1/1) D:7            Lair (0/6) D:8
    Orc (0/2) D:10

Altars:
Ashenzari
Cheibriados
Dithmenos
Elyvilon
Fedhas
Gozag
Hepliaklqana
Kikubaaqudgha
Makhleb
Nemelex Xobeh
Okawaru
Qazlal
Ru
Sif Muna
Trog
Uskayaw
Vehumet
Wu Jian
Xom
Yredelemnul
Zin
The Shining One

Annotations:
D:9 confidenceinterval's ghost, journeyman GnWn
D:10 Erolcha


Innate Abilities, Weirdness & Mutations

You cannot wear most types of armour.
You are very stealthy in the water. (Stealth+)
You are amphibious.
You can wear up to eight rings at the same time.
You can use your tentacles to constrict eight enemies at once.
Your skin changes colour to match your surroundings (Stealth+).
Your rubbery body absorbs attacks. (AC +1, EV +1)
You are surrounded by a mild repulsion field. (EV +2)
You can translocate small distances at will.
You possess an exceptional clarity of mind.
You are frail. (-10% HP)
You passively map a small area around you.


Message History

Aim: a bullfrog skeleton (almost destroyed)
You shoot a sling bullet.
The sling bullet hits the bullfrog skeleton.
The bullfrog skeleton is almost destroyed.
The bullfrog skeleton closely misses you.
Wield which item (- for none, * to show all)? (? for menu, Esc to quit)
Your +2 scythe of venom begins to drip with poison!
b - a +2 scythe of venom (weapon)
The bullfrog skeleton barely misses you.
You slice the orc priest!!
You kill the orc priest!
Qazlal accepts your kill. The bullfrog skeleton misses you.
The bullfrog skeleton hits you.
* * * LOW HITPOINT WARNING * * *
The hippogriff is struck by lightning.
You slash the bullfrog skeleton!
You destroy the bullfrog skeleton!
Qazlal accepts your kill.
An orc priest opens the door.
The hippogriff bites you!
You die...

* ###+#######
#.........# , *
#......§H§#####
,
#....§.@(§(...(
*
#....§.§).#.##.
* #....§§...'o.
,, , ,,
#.........####
, , #.........#
.. ,
###+####### ,
.# * #.### ,
....#### ,


You could see a hippogriff and an orc priest.

Vanquished Creatures
  3 two-headed ogres
  The ghost of Roxy the Cudgeler, a novice FoFi (D:6)
  Psyche (D:8)
  A hornet (D:10)
  2 hippogriffs (D:10)
  Sigmund (D:5)
  A wraith (D:10)
  3 yaks (D:10)
  A hungry ghost (D:9)
  2 vampire mosquitoes (D:9)
  4 wargs (D:10)
  2 hell hounds (D:8)
  A water moccasin (D:6)
  6 orc warriors
  3 sky beasts
  2 ogres
  2 black bears
  2 ice beasts
  10 phantoms
  A necrophage (D:6)
  2 centaurs
  Blork the orc (D:6)
  A big kobold (D:8)
  8 bullfrogs
  7 scorpions
  8 wights
  A howler monkey (D:5)
  3 crimson imps
  3 hounds
  A quasit (D:10)
  3 bullfrog skeletons
  10 orc priests
  2 centaur skeletons (D:7)
  4 iguanas
  5 worker ants
  Natasha (thrice) (D:4 D:6)
  5 orc wizards
  A hound zombie (D:7)
  A worker ant zombie (D:5)
  4 gnolls (D:6)
  11 adders
  6 oozes
  An adder zombie (D:6)
  4 adder skeletons
  3 worms
  A dart slug (D:1)
  8 leopard geckos
  49 orcs
  6 giant cockroaches
  3 goblins
  3 hobgoblins
  11 jackals
  9 quokkas
  2 ball pythons
  10 bats
  6 frilled lizards
  17 kobolds
  A quokka skeleton (D:7)
  6 rats
  A fungus (D:6)
280 creatures vanquished.

Vanquished Creatures (collateral kills)
  A two-headed ogre (D:9)
1 creature vanquished.

Vanquished Creatures (others)
  A centaur (D:9)
1 creature vanquished.

Grand Total: 282 creatures vanquished

Notes
Turn   | Place    | Note
-------+----------+-------------------------------------------
     0 | D:1      | dvd the Octopode Hunter began the quest for the Orb.
     0 | D:1      | Reached XP level 1. HP: 14/14 MP: 1/1
   126 | D:1      | Reached XP level 2. HP: 19/19 MP: 2/2
   402 | D:1      | Reached XP level 3. HP: 23/24 MP: 3/3
   860 | D:2      | Reached skill level 5 in Slings
   894 | D:2      | Reached XP level 4. HP: 13/29 MP: 4/4
  1399 | D:2      | Learned a level 1 spell: Beastly Appendage
  1565 | D:2      | Reached skill level 1 in Polearms
  2233 | D:3      | Reached XP level 5. HP: 35/35 MP: 5/5
  2499 | D:3      | Found a hazy altar of Hepliaklqana.
  2915 | D:4      | Noticed Natasha
  2923 | D:4      | Killed Natasha
  2927 | D:4      | Reached skill level 6 in Slings
  2927 | D:4      | Reached XP level 6. HP: 18/41 MP: 6/6
  2940 | D:4      | Noticed Natasha
  2947 | D:4      | Killed Natasha
  3359 | D:4      | Found a blossoming altar of Fedhas.
  3360 | D:4      | Noticed Natasha
  3710 | D:4      | Found a stormy altar of Qazlal.
  3719 | D:4      | Became a worshipper of Qazlal Stormbringer
  3874 | D:5      | Entered Level 5 of the Dungeon
  4177 | D:5      | Reached XP level 7. HP: 46/46 MP: 7/7
  4181 | D:5      | Reached skill level 7 in Slings
  4453 | D:5      | Noticed Sigmund
  4842 | D:5      | Killed Sigmund
  4919 | D:5      | Reached XP level 8. HP: 47/54 MP: 8/8
  5204 | D:5      | Gained mutation: You are surrounded by a mild repulsion field. (EV +2) [potion of mutation]
  5204 | D:5      | Gained mutation: You can translocate small distances at will. [potion of mutation]
  5305 | D:6      | Reached skill level 8 in Slings
  5420 | D:6      | Killed Natasha
  5589 | D:6      | Noticed Roxy's ghost (novice FoFi)
  6023 | D:6      | Noticed Blork the orc
  6038 | D:6      | Killed Blork the orc
  6038 | D:6      | Reached * piety under Qazlal
  6047 | D:6      | Noticed a two-headed ogre
  6126 | D:6      | Killed Roxy's ghost
  6126 | D:6      | Reached skill level 5 in Fighting
  6126 | D:6      | Reached skill level 9 in Slings
  6126 | D:6      | Reached XP level 9. HP: 61/61 MP: 9/9
  6130 | D:6      | Reached skill level 5 in Stealth
  6366 | D:6      | Killed a two-headed ogre
  6366 | D:6      | Reached skill level 5 in Polearms
  6591 | D:6      | Gained mutation: Your spells are a little harder to cast, but a little more powerful. [mutagenic meat]
  6592 | D:6      | Gained mutation: Scrolls take you a little longer to read. [mutagenic meat]
  6593 | D:6      | Gained mutation: You are frail. (-10% HP) [mutagenic meat]
  6594 | D:6      | Gained mutation: You tend to lose your temper in combat. [mutagenic meat]
  6595 | D:6      | Gained mutation: You are very frail. (-20% HP) [mutagenic meat]
  6596 | D:6      | Lost mutation: You tend to lose your temper in combat. [mutagenic meat]
  6597 | D:6      | Lost mutation: Your spells are a little harder to cast, but a little more powerful. [potion of mutation]
  6597 | D:6      | Lost mutation: You are very frail. (-20% HP) [potion of mutation]
  6597 | D:6      | Lost mutation: Scrolls take you a little longer to read. [potion of mutation]
  6597 | D:6      | Gained mutation: You possess an exceptional clarity of mind. [potion of mutation]
  6597 | D:6      | Gained mutation: You passively map a small area around you. [potion of mutation]
  6917 | D:6      | Got a translucent dagger
  7051 | D:6      | Identified the +8 dagger "Seas" {vamp, rPois MR- Str+2} (You found it on level 6 of the Dungeon)
  7116 | D:7      | Reached skill level 10 in Slings
  7129 | D:7      | Reached XP level 10. HP: 34/61 MP: 10/10
  7835 | D:7      | Reached ** piety under Qazlal
  7940 | D:7      | Found a staircase to the Ecumenical Temple.
  8379 | Temple   | Entered the Ecumenical Temple
  8772 | D:6      | Learned a level 2 spell: Sticks to Snakes
  8818 | D:8      | Noticed Psyche
  9285 | D:8      | Killed Psyche
 10074 | D:8      | HP: 1/63 [centaur/arrow (10)]
 10319 | D:8      | Found a staircase to the Lair.
 10326 | D:8      | Reached skill level 5 in Dodging
 10969 | D:9      | Noticed a two-headed ogre
 10978 | D:9      | Killed a two-headed ogre
 10978 | D:9      | Reached XP level 11. HP: 67/67 MP: 10/12
 11042 | D:9      | Noticed a two-headed ogre
 11237 | D:9      | Killed a two-headed ogre
 11237 | D:9      | Reached skill level 1 in Spellcasting
 11237 | D:9      | Reached skill level 1 in Transmutations
 11248 | D:9      | Reached *** piety under Qazlal
 11321 | D:9      | Found a bloodstained altar of Trog.
 11796 | D:9      | Noticed a two-headed ogre
 11802 | D:9      | HP: 2/69 [two-headed ogre/giant club (22)]
 11805 | D:9      | Killed a two-headed ogre
 12171 | D:9      | Noticed confidenceinterval's ghost (journeyman GnWn)
 12211 | D:10     | Entered Level 10 of the Dungeon
 12440 | D:10     | Reached skill level 1 in Evocations
 12692 | D:10     | Found a staircase to the Orcish Mines.
 12703 | D:10     | Reached **** piety under Qazlal
 13906 | D:9      | Reached skill level 11 in Slings
 14015 | D:10     | Noticed Erolcha
 14034 | D:10     | Slain by a hippogriff

Vault maps used:
D:1:      arrival_zaba_pyramid
D:3:      lemuel_round_altar
D:4:      grunt_temple_overflow_forces_of_nature, first_bread, uniq_natasha
D:5:      lemuel_ice_spiral_2, uniq_sigmund
D:6:      old_forge, minmay_misc_feat_enclosed, uniq_blork_the_orc
D:7:      minmay_temple_entry_large_hall
D:8:      minmay_lair_entry_lava, special_room, uniq_psyche
D:9:      lightli_temple_of_fire, grunt_ogre_cave
D:10:     minmay_orc_entry_guard_dogs, uniq_erolcha
Temple:   dpeg_five_rooms_temple

Skill      XL: |  1  2  3  4  5  6  7  8  9 10 11 |
---------------+----------------------------------+-----
Slings         | 5 6 7 9 10 11 | 11.0
Polearms       | 1 2 3 6 8 9 |  9.9
Stealth        | 2 3 4 5 6 |  6.0
Fighting       | 3 4 5 6 7 8 |  8.2
Dodging        | 3 4 5 |  5.6
Spellcasting   | 2 |  2.0
Transmutations | 2 |  2.4
Evocations     | 1 |  1.6
Throwing       | |  0.9

Action                   |  1- 3 |  4- 6 |  7- 9 | 10-12 || total
-------------------------+-------+-------+-------+-------++-------
Melee: Spear             |    29 |    53 |     8 |    27 ||   117
       Constrict         |     6 |     9 |    18 |    54 ||    87
       Tentacles         |     6 |     8 |    21 |    69 ||   104
       Scythe            |       |       |   100 |   285 ||   385
 Fire: Hunting sling     |    54 |   126 |   129 |   179 ||   488
       Shortbow          |       |       |       |     1 ||     1
Throw: Stone             |     1 |     7 |     2 |     1 ||    11
       Tomahawk          |       |       |       |     4 ||     4
 Cast: Beastly Appendage |       |     1 |       |       ||     1
       Sticks to Snakes  |       |       |       |    14 ||    14
 Abil: Blink             |       |       |       |     1 ||     1
Evoke: Wand              |       |       |     2 |     5 ||     7
  Use: Potion            |       |     2 |     9 |     7 ||    18
       Scroll            |       |       |     6 |    11 ||    17
 Stab: Sleeping          |     1 |     3 |     1 |       ||     5
       Distracted        |       |       |       |     4 ||     4
  Eat: Chunk             |       |    10 |    15 |    20 ||    45
       Royal jelly       |       |       |       |     1 ||     1
       Fruit             |       |       |       |     1 ||     1
Armor: Skin              |     3 |     1 |     7 |     5 ||    16
Dodge: Dodged            |    17 |    30 |    99 |   229 ||   375
Block: Other             |       |       |    21 |   148 ||   169
       Reflection        |       |       |     1 |     5 ||     6

Table legend:
 A = Spawn XP
 B = Non-spawn XP
 C = Spawn XP percentage of total XP
 D = Spawn monster count
 E = Non-spawn monster count
 F = Spawn count percentage of total count
 G = Total turns spent on level
                    A         B        C        D         E        F      G
               +---------+---------+-------+---------+---------+-------+---------
         Total |       0 |   15619 |   0.0 |       0 |     281 |   0.0 | 14034
               +---------+---------+-------+---------+---------+-------+---------
           D:1 |       0 |      46 |   0.0 |       0 |      23 |   0.0 |   750
           D:2 |       0 |      89 |   0.0 |       0 |      27 |   0.0 |  1230
           D:3 |       0 |      61 |   0.0 |       0 |      14 |   0.0 |   903
           D:4 |       0 |     343 |   0.0 |       0 |      14 |   0.0 |   991
           D:5 |       0 |     670 |   0.0 |       0 |      18 |   0.0 |  1407
           D:6 |       0 |    3156 |   0.0 |       0 |      46 |   0.0 |  2149
           D:7 |       0 |    1659 |   0.0 |       0 |      32 |   0.0 |  1887
           D:8 |       0 |    2395 |   0.0 |       0 |      51 |   0.0 |  2379
           D:9 |       0 |    4194 |   0.0 |       0 |      34 |   0.0 |  1303
          D:10 |       0 |    3006 |   0.0 |       0 |      22 |   0.0 |   796
               +---------+---------+-------+---------+---------+-------+---------
